 Dungeon Crawl Stone Soup version 0.22-a0-480-g991dd4b (webtiles) character file.

607062 emperorscorpion the Slayer (level 27, -5/213 HPs)
             Began as a Formicid Fighter on June 13, 2018.
             Was the Champion of Okawaru.
             Killed from afar by a raiju (15 damage)
             ... with a living lightning
             ... on level 3 of the Abyss on June 16, 2018.
             The game lasted 03:35:07 (68007 turns).

emperorscorpion the Slayer (Formicid Fighter)      Turns: 68007, Time: 03:35:08

Health: -5/213     AC: 39    Str: 42      XL:     27
Magic:  42/46      EV: 12    Int:  6 (12) God:    Okawaru [******]
Gold:   2918       SH: 33    Dex: 12      Spells: 39/46 levels left

rFire    + + +     SeeInvis +   a - +3 lajatang (elec)
rCold    + . .     Gourm    .   o - +6 large shield {rF+}
rNeg     . . .     Faith    +   J - +1 crystal plate armour "Zefoak Meki" {rF+ rC+ MP+9}
rPois    +         Spirit   .   (helmet unavailable)
rElec    .         Reflect  .   h - +2 cloak {+Inv}
rCorr    .         Harm     .   M - +1 pair of gloves {Str+3}
MR       ++...                  Z - +2 pair of boots {run}
Stlth    ..........             m - amulet of faith
HPRegen  0.45/turn              d - ring of Light {EV+5 Dex+2}
MPRegen  0.30/turn              N - ring "Fialonot" {-Tele rPois rF+ EV-6 Str+7}

@: quick
A: permanent stasis, dig shafts and tunnels, four strong arms, antennae 3,
talons 1, fire resistance 1, frail 1, screaming 2, strong 1
}: 4/15 runes: decaying, silver, abyssal, gossamer
a: Dig, Shaft Self, Heroism, Finesse, Renounce Religion, Evoke Invisibility


You were on level 3 of the Abyss.
You worshipped Okawaru.
Okawaru was exalted by your worship.
You were not hungry.

You visited 9 branches of the dungeon, and saw 43 of its levels.
You visited the Abyss 1 time.
You also visited: Volcano.

You collected 5680 gold pieces.
You spent 2762 gold pieces at shops.

Inventory:

Hand Weapons
 a - a +3 lajatang of electrocution (weapon)
 b - a +3 longbow of flaming
 w - a +4 quarterstaff of protection
Missiles
 q - 2 javelins of penetration (quivered)
 T - 922 arrows
Armour
 h - a +2 cloak of invisibility (worn)
 o - a +6 large shield of fire resistance (worn)
 J - the +1 crystal plate armour "Zefoak Meki" (worn) {rF+ rC+ MP+9}
   (Okawaru gifted it to you on level 4 of the Depths)

   It protects you from fire.
   It protects you from cold.
   It affects your magic capacity (+9).
 M - a +1 pair of gloves of strength (worn)
 R - the +0 scale mail of Duypneet {-Cast Regen+ Str+4 Dex+4}
   (Okawaru gifted it to you on level 12 of the Dungeon)

   It affects your strength (+4).
   It affects your dexterity (+4).
   It prevents spellcasting.
   It increases your rate of regeneration.
 S - the +1 scale mail of Dramatic Exits {rF+ rCorr Stlth-}
   (You found it on level 1 of the Swamp)

   It protects you from fire.
   It protects you from acid and corrosion.
   It makes you less stealthy.
 Z - a +2 pair of boots of running (worn)
Jewellery
 d - the ring of Light (left hand) {EV+5 Dex+2}
   (You found it on level 3 of the Lair of Beasts)

   [ring of evasion]

   It affects your evasion (+5).
   It affects your dexterity (+2).
 e - a +4 amulet of reflection
 m - an amulet of faith (around neck)
 N - the ring "Fialonot" (right hand) {-Tele rPois rF+ EV-6 Str+7}
   (You bought it in a shop on level 2 of the Orcish Mines)

   [ring of evasion]

   It affects your evasion (-6).
   It affects your strength (+7).
   It protects you from fire.
   It protects you from poison.
   It prevents most forms of teleportation.
 V - an uncursed ring of resist corrosion
Wands
 c - a wand of iceblast (16)
 s - a wand of disintegration (26)
 C - a wand of acid (4)
 Q - a wand of flame (16)
 Y - a wand of random effects (77)
Scrolls
 g - 7 scrolls of immolation
 i - 20 scrolls of remove curse
 n - 4 scrolls of holy word
 p - 3 scrolls of fear
 r - 11 scrolls of identify
 x - 3 scrolls of amnesia
 G - 10 scrolls of fog
 U - 6 scrolls of magic mapping
 X - 2 scrolls of silence
Potions
 j - 9 potions of might
 k - 14 potions of curing
 l - 4 potions of cancellation
 t - 6 potions of flight
 v - 2 potions of heal wounds
 z - 4 potions of agility
 E - 9 potions of ambrosia
 H - 8 potions of brilliance
 L - a potion of resistance
 O - a potion of invisibility
 W - 3 potions of magic
Miscellaneous
 u - 2 phantom mirrors
 y - 2 sacks of spiders
 A - a lightning rod (3/4)
 B - a lamp of fire
 F - 2 boxes of beasts
 I - a crystal ball of energy
 K - a crystal ball of energy
 P - a lightning rod (3/4)
Comestibles
 f - 57 rations


   Skills:
 + Level 23.8 Fighting
 + Level 16.0 Staves
 + Level 5.2 Bows
 - Level 2.2 Throwing
 + Level 21.1 Armour
 + Level 10.2 Dodging
 + Level 4.2 Stealth
 + Level 20.5 Shields
 + Level 1.1 Unarmed Combat
 + Level 10.1 Spellcasting
 + Level 10.1 Charms
 + Level 10.0 Necromancy
 * Level 5.1 Translocations
 + Level 16.5 Invocations
 + Level 11.6 Evocations


You had 39 spell levels left.
You knew the following spells:

 Your Spells              Type           Power        Failure   Level  Hunger
a - Passage of Golubria   Tloc           N/A          73%         4    ####...
r - Regeneration          Chrm/Necr      ###.......   4%          3    ###....

Your spell library contained the following spells:

 Spells                   Type           Power        Failure   Level  Hunger
 Magic Dart               Conj           #...         65%         1    None
 Fireball                 Conj/Fire      #.........   100%        5    ######.
 Conjure Flame            Conj/Fire      #.......     95%         3    ###....
 Bolt of Fire             Conj/Fire      #.........   100%        6    #######
 Lightning Bolt           Conj/Air       #.........   100%        5    ######.
 Bolt of Magma            Conj/Fire/Erth #.........   100%        5    ######.
 Slow                     Hex            #.......     80%         2    ##.....
 Confuse                  Hex            #.......     95%         3    ###....
 Throw Flame              Conj/Fire      #.....       80%         2    ##.....
 Mephitic Cloud           Conj/Pois/Air  #.......     95%         3    ###....
 Venom Bolt               Conj/Pois      #.........   100%        5    ######.
 Teleport Other           Tloc           #.......     32%         3    ###....
 Summon Small Mammal      Summ           #...         65%         1    None
 Bolt of Draining         Conj/Necr      #.........   97%         5    ######.
 Lehudib's Crystal Spear  Conj/Erth      #.........   100%        8    #######
 Fire Storm               Conj/Fire      #.........   100%        9    #######
 Blink                    Tloc           N/A          17%         2    ##.....
 Iskenderun's Mystic Bla  Conj           #.......     100%        4    ####...
 Animate Dead             Necr           N/A          14%         4    ####...
 Pain                     Necr           ###.         1%          1    None
 Animate Skeleton         Necr           N/A          1%          1    None
 Vampiric Draining        Necr           ###.......   4%          3    ###....
 Sticky Flame             Conj/Fire      #.......     100%        4    ####...
 Summon Ice Beast         Ice/Summ       #.......     100%        4    ####...
 Ozocubu's Armour         Chrm/Ice       #.......     32%         3    ###....
 Call Imp                 Summ           #.......     80%         2    ##.....
 Dispel Undead            Necr           ###.....     38%         5    ######.
 Poison Arrow             Conj/Pois      #.........   100%        6    #######
 Sting                    Conj/Pois      #...         65%         1    None
 Sublimation of Blood     Necr           ###.......   2%          2    ##.....
 Tukima's Dance           Hex            #.......     95%         3    ###....
 Corpse Rot               Necr           N/A          2%          2    ##.....
 Iron Shot                Conj/Erth      #.........   100%        6    #######
 Stone Arrow              Conj/Erth      #.....       95%         3    ###....
 Shock                    Conj/Air       #...         65%         1    None
 Swiftness                Chrm/Air       #.......     17%         2    ##.....
 Agony                    Necr           ###.....     38%         5    ######.
 Death Channel            Necr           ###.......   92%         6    #######
 Deflect Missiles         Chrm/Air       #.........   100%        6    #######
 Glaciate                 Conj/Ice       #.........   100%        9    #######
 Airstrike                Air            #.........   100%        4    ####...
 Flame Tongue             Conj/Fire      #....        65%         1    None
 Call Canine Familiar     Summ           #.......     95%         3    ###....
 Ensorcelled Hibernation  Hex/Ice        #.....       80%         2    ##.....
 Summon Butterflies       Summ           #.......     65%         1    None
 Static Discharge         Conj/Air       #.......     95%         3    ###....
 Corona                   Hex            #......      65%         1    None
 Chain Lightning          Conj/Air       #.........   100%        8    #######
 Excruciating Wounds      Chrm/Necr      ###.......   36%         5    ######.
 Orb of Destruction       Conj           #.........   100%        7    #######
 Leda's Liquefaction      Hex/Erth       #.........   100%        4    ####...
 Summon Hydra             Summ           #.........   100%        7    #######
 Shroud of Golubria       Chrm/Tloc      ##........   6%          2    ##.....
 Inner Flame              Hex/Fire       #.......     95%         3    ###....
 Iskenderun's Battlesphe  Conj/Chrm      #.......     97%         5    ######.
 Fulminant Prism          Conj/Hex       #.........   100%        4    ####...
 Dazzling Spray           Conj/Hex       #.....       95%         3    ###....
 Force Lance              Conj/Tloc      #.......     97%         4    ####...
 Song of Slaying          Chrm           ###.....     1%          2    ##.....
 Searing Ray              Conj           #.....       80%         2    ##.....
 Summon Forest            Summ/Tloc      #.........   100%        5    ######.
 Summon Lightning Spire   Summ/Air       #.......     100%        4    ####...
 Summon Guardian Golem    Hex/Summ       #.......     95%         3    ###....
 Spellforged Servitor     Conj/Summ      #.........   100%        7    #######
 Summon Mana Viper        Hex/Summ       #.......     100%        5    ######.
 Hydra Form               Tmut           #.........   100%        6    #######
 Gell's Gravitas          Tloc           #.........   32%         3    ###....
 Lesser Beckoning         Tloc           #.........   32%         3    ###....


Dungeon Overview and Level Annotations

Branches:
Dungeon (15/15)            Temple (1/1) D:7            Lair (6/6) D:10
  Swamp (4/4) Lair:3       Spider (4/4) Lair:2        Slime (0/5) Lair:5
    Orc (2/2) D:10            Elf (1/3) Orc:2        Vaults (5/5) D:13
  Crypt (0/3) Vaults:2     Depths (5/5) D:15            Zot (0/5) Depths:5

Altars:
Ashenzari
Cheibriados
Dithmenos
Elyvilon
Fedhas
Gozag
Hepliaklqana
Kikubaaqudgha
Makhleb
Nemelex Xobeh
Okawaru
Qazlal
Ru
Sif Muna
Trog
Uskayaw
Vehumet
Wu Jian
Xom
Yredelemnul
Zin
The Shining One
Beogh

Shops:
D:9 %=*!   D:10 %:?[!   Orc:2 }*[*!:(*   Vaults:2 }   Vaults:4 *[}(
Vaults:5 ::==   Depths:2 =}=

Portals:
Hell: Depths:1 Depths:2 Depths:3 Depths:4 Depths:5
Abyss: Depths:1 Depths:3 Depths:4
Pandemonium: Orc:2 Depths:3 Depths:5
Ziggurat: Depths:2
Trove: D:14 (give 3 potions of resistance)

Annotations:
D:14 trove! 3 potions of resist
Vaults:3 Margery


Innate Abilities, Weirdness & Mutations

You cannot be hasted, slowed, berserked, paralysed or teleported.
You can dig through walls and to a lower floor.
Your four strong arms can wield two-handed weapons with a shield.
You have a pair of large antennae on your head. (SInv)
You have sharp toenails.
Your flesh is heat resistant. (rF+)
You are frail. (-10% HP)
You sometimes yell uncontrollably at your foes.
Your muscles are strong. (Str +2)


Message History

* * * LOW HITPOINT WARNING * * *
The living lightning hits the raiju.
The raiju completely resists.
The living lightning hits the raiju.
The raiju completely resists.
The living lightning hits you!
* * * LOW HITPOINT WARNING * * *
The raiju blinks! x4
Unknown command.
You miss the raiju.
The raiju is severely wounded.
You block the raiju's attack.
You closely miss the raiju.
The raiju is severely wounded.
You block the raiju's attack.
You cut the raiju into ribbons!!!
You kill the raiju!
Okawaru accepts your kill. You block the raiju's attack.
The raiju bursts into living lightning!
The living lightning hits you! x2
You die...

{ .. # ##. ..##
# #.. {...# .
#{#.#.x.##{..#.
.X.{{hX#{{x ..
# #{{X###G . .
{{#h#{# . #. {
#%#.## . #@# ..
. .# { ####.. .
#.. # . #{.. #
.. # #.. #
####. .. ... .
### . .#. .. .
# ## # # .. . .
...# . ..# . .
..


You could see 2 starcursed masses, a raiju and a small abomination.

Vanquished Creatures
  Mennas (Vaults:5)
  4 ancient liches
  A juggernaut (Depths:2)
  Boris (Depths:3)
  the Lernaean hydra (Swamp:4)
  Bai Suzhen (Depths:1)
  Saint Roka (Depths:3)
  5 caustic shrikes (Depths:5)
  Jory (Vaults:2)
  3 golden dragons
  the Enchantress (Depths:1)
  Arachne (Spider:2)
  3 liches
  2 bone dragons (Abyss:3)
  Jorgrun (Spider:3)
  4 tentacled monstrosities
  2 quicksilver dragons (Vaults:5)
  2 quicksilver dragons (shapeshifter) (Vaults:5)
  Asterion (Depths:1)
  5 titans
  5 shadow dragons
  6 tentacled starspawn
  5 sphinxes
  An Executioner (Abyss:3)
  9 tengu reavers
  5 thorn hunters
  2 storm dragons
  Donald (Spider:2)
  Agnes (Spider:4)
  10 frost giants
  A draconian knight (Depths:5)
  3 cacodemons (Abyss:3)
  10 fire giants
  5 ghost moths
  Louise (Depths:3)
  6 emperor scorpions (Spider:4)
  A draconian shifter (Depths:5)
  4 deep elf sorcerers (Vaults:5)
  2 deep elf elementalists (Vaults:5)
  12 vault wardens
  An iron dragon (Depths:2)
  A balrug (Depths:2)
  2 war gargoyles (Vaults:5)
  A ghoul (Vaults:2)
  3 spriggan defenders (Depths:1)
  5 entropy weavers
  4 vampire knights
  20 stone giants
  51 very ugly things
  An ophan (Abyss:3)
  Nessos (Orc:2)
  2 green draconians (Depths:5)
  11 ironheart preservers
  7 deep elf annihilators
  5 spark wasps
  A red draconian (Depths:5)
  2 dire elephants (Depths:4)
  8 ettins
  Snorg (D:11)
  3 merfolk javelineers
  Josephine (D:14)
  20 yaktaur captains
  5 great orbs of eyes
  2 deep elf high priests
  10 fire dragons
  6 rakshasas
  Erolcha (Orc:2)
  31 vault guards
  23 hydras
  12 ice dragons
  A quicksilver dragon skeleton (Depths:4)
  10 spriggan air magi
  A catoblepas (D:15)
  2 ghost crabs (Swamp:3)
  8 centaur warriors
  A death knight (Vaults:5)
  A queen ant (Spider:1)
  3 alligators
  16 ogre magi
  56 two-headed ogres
  9 deep troll shamans
  3 death yaks (Depths:3)
  A dancing weapon (Vaults:5)
  8 deep troll earth magi
  7 spriggan berserkers
  6 tengu warriors
  10 thrashing horrors
  Urug (D:12)
  15 spriggans
  5 orc high priests (Orc:2)
  7 wretched stars
  2 sun demons
  10 deep elf knights
  2 sixfirhies
  19 hell knights
  6 iron trolls
  Sonja (D:12)
  A shadow wraith (Abyss:3)
  A fire crab (shapeshifter) (Depths:4)
  5 skeletal warriors (D:14)
  A flayed ghost (Vaults:5)
  2 torturous demonspawn (Orc:2)
  3 spriggan druids
  An anaconda zombie (Abyss:3)
  49 starcursed masses
  2 shambling mangroves
  3 unseen horrors
  A gelid demonspawn (Orc:2)
  10 glowing orange brains
  34 deep trolls
  13 swamp dragons
  4 spatial maelstroms (Abyss:3)
  8 deep elf archers
  13 ironbrand convokers
  3 harpies (Vaults:1)
  2 lindwurms (Lair:6)
  8 wizards
  74 ugly things
  3 phantasmal warriors
  Pikel (D:6)
  A fire giant zombie (Depths:1)
  A harpy (shapeshifter) (Vaults:5)
  44 large abominations
  2 shining eyes (Abyss:3)
  A wolf spider zombie (D:15)
  6 necromancers
  A tengu skeleton (Depths:4)
  16 deep elf magi
  12 orc sorcerers
  15 orc knights
  30 wolf spiders
  23 orb spiders
  2 oklob plants (Lair:3)
  2 human zombies (Vaults:4)
  A salamander (Depths:2)
  A moth of wrath (shapeshifter) (Depths:4)
  2 worldbinders
  An iron dragon skeleton (Depths:1)
  A moth of wrath (Spider:4)
  2 stone giant skeletons (Depths:1)
  6 elephants (Lair:3)
  8 cyclopes
  A salamander (shapeshifter) (Depths:3)
  5 manticores
  Joseph (D:7)
  2 molten gargoyles (Volcano)
  A rust devil (Orc:2)
  An apocalypse crab (Abyss:3)
  A frost giant skeleton (Depths:1)
  A guardian serpent (Abyss:3)
  2 human skeletons (Vaults:4)
  3 smoke demons (Abyss:3)
  3 naga magi (Depths:1)
  14 vault sentinels
  2 black mambas
  2 centaur zombies (D:11)
  7 torpor snails
  3 orange demons
  3 gargoyles
  2 rime drakes (Lair:6)
  10 spiny frogs
  A hellion (Abyss:3)
  2 spriggan skeletons (Depths:4)
  52 yaktaurs
  5 komodo dragons
  2 yaktaur zombies (Depths:1)
  2 rime drakes (shapeshifter)
  A yaktaur (shapeshifter) (Vaults:1)
  A kobold demonologist (D:13)
  An efreet (Abyss:3)
  16 demonic crawlers
  A tormentor (Abyss:3)
  6 freezing wraiths
  3 hellwings (Depths:2)
  10 ancient zymes (Abyss:3)
  The ghost of saradell the Cutter, an amateur MiBe of Trog (D:4)
  8 tengu conjurers
  3 red devils
  2 trolls (shapeshifter)
  An ice devil (Orc:2)
  48 jumping spiders
  38 hornets
  A wind drake (shapeshifter) (Vaults:3)
  9 polar bears (Lair:1)
  15 tyrant leeches
  2 hornets (shapeshifter)
  6 trolls
  A tengu simulacrum (Vaults:2)
  47 slime creatures
  16 bog bodies
  A blink frog (shapeshifter) (D:15)
  A wind drake (D:11)
  A hippogriff (shapeshifter) (D:15)
  A snapping turtle (shapeshifter) (Depths:5)
  28 blink frogs
  15 hippogriffs
  2 sphinx simulacra
  8 dream sheep
  17 raiju
  2 air elementals (Depths:5)
  A centaur simulacrum (D:15)
  A dream sheep (shapeshifter) (Vaults:5)
  3 flying skulls (Abyss:3)
  8 water elementals
  A fire dragon skeleton (Depths:1)
  72 redbacks
  A wyvern (D:11)
  5 wraiths
  53 yaks
  7 shadows
  26 tarantellas
  A vampire (D:12)
  3 ynoxinuls
  A tarantella (shapeshifter) (Depths:1)
  2 basilisks
  16 fire bats
  The ghost of Amnesiac the Prestidigitator, an amateur SpAr (D:6)
  A hungry ghost (D:13)
  A yak (shapeshifter) (Depths:4)
  A fire elemental (Depths:2)
  6 golden eyes (Abyss:3)
  2 chaos spawn (Abyss:3)
  2 neqoxecs (Abyss:3)
  A human (shapeshifter) (Vaults:5)
  3 steam dragons
  A steam dragon (shapeshifter) (Depths:5)
  23 vampire mosquitoes
  6 spatial vortices (Abyss:3)
  15 swamp worms
  5 insubstantial wisps
  3 soldier ants
  7 wargs
  A swamp worm (shapeshifter) (Vaults:5)
  4 acid dragons
  A hell hound (Volcano)
  11 water moccasins
  7 porcupines
  40 orc warriors
  An eye of draining (shapeshifter) (Vaults:1)
  14 swamp drakes
  9 sky beasts
  6 eyes of draining
  An ice beast (shapeshifter) (Vaults:4)
  5 ice beasts
  10 black bears
  A phantom (D:14)
  15 boggarts
  A necrophage (D:9)
  11 wolves
  24 ogres
  5 centaurs
  18 crocodiles
  2 big kobolds
  A gnoll sergeant (Orc:1)
  19 bullfrogs
  An earth elemental (Abyss:3)
  3 wyvern skeletons
  21 small abominations (Abyss:3)
  2 scorpions
  6 killer bees
  11 wights
  2 howler monkeys
  8 electric eels
  7 lava snakes (Volcano)
  5 bullfrog zombies
  3 hounds
  A quasit (D:5)
  10 crimson imps
  A gnoll shaman (D:10)
  35 orc priests
  Crazy Yiuf (D:2)
  6 centaur skeletons
  9 jellies
  4 iguanas
  An iron imp (Abyss:2)
  3 bullfrog skeletons
  Natasha (twice) (D:2)
  4 lightning spires (Depths:5)
  27 orc wizards
  21 worker ants
  A killer bee zombie (D:6)
  A hound zombie (D:4)
  6 worker ant zombies
  Robin (D:3)
  An adder (shapeshifter) (D:15)
  13 adders
  14 gnolls
  6 shadow imps
  6 white imps
  An ooze (shapeshifter) (D:9)
  3 ufetubi (Abyss:3)
  An ooze (D:4)
  2 adder zombies
  3 adder skeletons (D:4)
  2 worms (D:3)
  3 ball lightnings (Depths:5)
  2 dart slugs
  6 leopard geckos
  105 orcs
  5 giant cockroaches
  A goblin (shapeshifter) (D:13)
  13 goblins
  10 hobgoblins
  16 jackals
  7 quokkas
  A ball python skeleton (D:4)
  A ball python zombie (D:4)
  5 bats
  5 frilled lizards
  2 giant cockroach zombies (D:4)
  11 kobolds
  2 leopard gecko skeletons (D:4)
  4 rats (D:1)
  2 briar patches (Swamp:2)
  2 starspawn tentacles (Abyss:2)
2388 creatures vanquished.

Vanquished Creatures (collateral kills)
  A dream sheep (Lair:5)
  3 fire bats (Lair:4)
  A fire elemental (Lair:4)
5 creatures vanquished.

Vanquished Creatures (others)
  3 dancing weapons (Elf:1)
  A deep elf knight (Elf:1)
  A wolf spider (Spider:3)
  An ugly thing (Vaults:3)
  A deep elf mage (Elf:1)
  A torpor snail (Lair:3)
  An air elemental (Depths:5)
  A vampire (D:12)
  A golden eye (Abyss:3)
  A chaos spawn (Abyss:3)
  A human (shapeshifter) (Elf:1)
  An orc warrior (Vaults:4)
  A black bear (shapeshifter) (Vaults:4)
  A boggart (Depths:3)
  2 small abominations (Abyss:3)
  A jelly (Abyss:3)
  An orc priest (Orc:2)
  An orc wizard (Depths:3)
  3 ball lightnings (Depths:5)
  9 briar patches
  3 bushes (Depths:2)
  14 fungi
  2 lurking horrors (Abyss:3)
  58 plants
  10 starspawn tentacles
120 creatures vanquished.

Grand Total: 2513 creatures vanquished

Notes
Turn   | Place    | Note
-------+----------+-------------------------------------------
     0 | D:1      | emperorscorpion the Formicid Fighter began the quest for the Orb.
     0 | D:1      | Reached XP level 1. HP: 18/18 MP: 1/1
   182 | D:1      | Reached XP level 2. HP: 24/24 MP: 2/2
   560 | D:1      | Reached XP level 3. HP: 29/29 MP: 3/3
  1087 | D:2      | Found a runed door.
  1266 | D:2      | Noticed Crazy Yiuf
  1270 | D:2      | Killed Crazy Yiuf
  1270 | D:2      | Reached XP level 4. HP: 37/37 MP: 4/4
  1509 | D:2      | Noticed Natasha
  1515 | D:2      | Killed Natasha
  1515 | D:2      | Reached XP level 5. HP: 35/42 MP: 5/5
  1625 | D:2      | Noticed Natasha
  1628 | D:2      | Killed Natasha
  1918 | D:3      | Noticed Robin
  1954 | D:3      | Killed Robin
  1969 | D:3      | Reached skill level 4 in Fighting
  2002 | D:3      | Found a shattered altar of Ashenzari.
  2176 | D:3      | Reached XP level 6. HP: 47/48 MP: 6/6
  2723 | D:4      | Noticed saradell's ghost (amateur MiBe)
  2917 | D:4      | HP: 2/48 [saradell's ghost (3)]
  3211 | D:4      | Reached XP level 7. HP: 44/54 MP: 7/7
  3231 | D:5      | Entered Level 5 of the Dungeon
  3350 | D:5      | Reached skill level 5 in Staves
  3616 | D:5      | Reached skill level 1 in Dodging
  3621 | D:5      | Reached skill level 5 in Shields
  4311 | D:5      | Reached XP level 8. HP: 60/60 MP: 8/8
  4555 | D:4      | HP: 1/61 [saradell's ghost (3)]
  4556 | D:4      | Killed saradell's ghost
  4556 | D:4      | Reached skill level 5 in Armour
  4556 | D:4      | Reached skill level 1 in Stealth
  5332 | D:6      | Noticed Amnesiac's ghost (amateur SpAr)
  5335 | D:6      | Reached skill level 5 in Fighting
  5339 | D:6      | Killed Amnesiac's ghost
  5339 | D:6      | Reached XP level 9. HP: 67/68 MP: 9/9
  6229 | D:6      | Noticed Pikel
  6257 | D:6      | Killed Pikel
  6271 | D:6      | Reached XP level 10. HP: 66/76 MP: 10/10
  6596 | D:7      | Noticed Joseph
  6626 | D:7      | Killed Joseph
  6626 | D:7      | Reached skill level 6 in Fighting
  6690 | D:7      | Found a staircase to the Ecumenical Temple.
  6737 | Temple   | Entered the Ecumenical Temple
  6994 | Temple   | Became a worshipper of Warmaster Okawaru
  7222 | D:7      | Learned a level 3 spell: Regeneration
  7561 | D:8      | Reached skill level 10 in Staves
  7573 | D:8      | Identified Dysmept's Incunabulum of Helpful Sinister Magic
  7655 | D:8      | Noticed a two-headed ogre
  7667 | D:8      | Killed a two-headed ogre
  7667 | D:8      | Reached * piety under Okawaru
  8677 | D:9      | Found Utaxt's Food Shop.
  8771 | D:9      | Found Binlius's Jewellery Shop.
  8868 | D:9      | Found a stormy altar of Qazlal.
  8935 | D:9      | Found a bloodstained altar of Trog.
  9126 | D:9      | Reached ** piety under Okawaru
  9335 | D:9      | Found Retex's General Store.
  9355 | D:9      | Bought a wand of disintegration (11) for 165 gold pieces
  9496 | D:9      | Found Fiopn's Distillery.
  9501 | D:9      | Bought a potion of curing for 39 gold pieces
  9501 | D:9      | Bought a potion of curing for 39 gold pieces
  9501 | D:9      | Bought a potion of curing for 39 gold pieces
  9561 | D:10     | Entered Level 10 of the Dungeon
  9571 | D:10     | Found Melof's Armour Boutique.
  9649 | D:10     | Reached XP level 11. HP: 81/83 MP: 11/11
  9679 | D:10     | Reached skill level 7 in Fighting
 10386 | D:10     | Found a staircase to the Lair.
 10445 | D:10     | Found a staircase to the Orcish Mines.
 10484 | D:10     | Found Ydghae's Magic Scroll Emporium.
 10570 | D:10     | Found Qeinang's Book Emporium.
 10727 | D:10     | Found Tiuphol's Food Shop.
 10810 | D:10     | Reached *** piety under Okawaru
 11063 | D:10     | Found Buril's Distillery.
 11072 | D:10     | Bought a potion of resistance for 120 gold pieces
 11072 | D:10     | Bought a potion of invisibility for 96 gold pieces
 11072 | D:10     | Bought a potion of flight for 36 gold pieces
 11072 | D:10     | Bought a potion of brilliance for 48 gold pieces
 11267 | D:11     | Noticed a cyclops
 11273 | D:11     | Killed a cyclops
 11502 | D:11     | Noticed a two-headed ogre
 11543 | D:11     | Killed a two-headed ogre
 11588 | D:11     | Reached **** piety under Okawaru
 11588 | D:11     | Reached skill level 10 in Shields
 11984 | D:11     | Noticed Snorg
 11993 | D:11     | Killed Snorg
 11993 | D:11     | Reached ***** piety under Okawaru
 11993 | D:11     | Reached XP level 12. HP: 71/91 MP: 12/12
 12228 | D:11     | Noticed an eight-headed hydra
 12236 | D:11     | Killed an eight-headed hydra
 12237 | D:11     | Killed an eight-headed hydra
 12327 | D:11     | Reached skill level 1 in Evocations
 12831 | D:12     | Reached skill level 5 in Dodging
 13139 | D:12     | Noticed Sonja
 13143 | D:12     | Killed Sonja
 13432 | D:12     | Received a gift from Okawaru
 13432 | D:12     | Reached skill level 8 in Fighting
 13601 | D:12     | Noticed a six-headed hydra
 13618 | D:12     | Killed a six-headed hydra
 14010 | D:12     | Received a gift from Okawaru
 14013 | D:12     | Got an ancient scale mail {god gift}
 14024 | D:12     | Identified the +0 scale mail of Duypneet {-Cast Regen+ Str+4 Dex+4} (Okawaru gifted it to you on level 12 of the Dungeon)
 14062 | D:12     | Noticed a frost giant
 14092 | D:12     | Killed a frost giant
 14092 | D:12     | Reached XP level 13. HP: 58/98 MP: 13/13
 14152 | D:12     | Noticed a five-headed hydra
 14162 | D:12     | Killed a five-headed hydra
 14292 | D:12     | Noticed Urug
 14297 | D:12     | Reached skill level 1 in Bows
 14420 | D:12     | Killed Urug
 14420 | D:12     | Reached ****** piety under Okawaru
 14676 | D:13     | Reached skill level 1 in Throwing
 14768 | D:13     | Noticed a vault guard
 14789 | D:13     | Killed a vault guard
 14881 | D:13     | Noticed a vault guard
 14883 | D:13     | Noticed a centaur warrior
 14906 | D:13     | Killed a vault guard
 14912 | D:13     | Killed a centaur warrior
 14967 | D:13     | Noticed a vault guard
 14972 | D:13     | Noticed a vault guard
 14979 | D:13     | Killed a vault guard
 15011 | D:13     | Killed a vault guard
 15128 | Orc:1    | Entered Level 1 of the Orcish Mines
 15474 | Orc:1    | Found a roughly hewn altar of Beogh.
 15552 | Orc:2    | Entered Level 2 of the Orcish Mines
 15555 | Orc:2    | Noticed Nessos
 15592 | Orc:2    | Killed Nessos
 15592 | Orc:2    | Received a gift from Okawaru
 15671 | Orc:2    | Noticed a stone giant
 15683 | Orc:2    | Killed a stone giant
 15683 | Orc:2    | Reached XP level 14. HP: 52/106 MP: 14/14
 15788 | Orc:2    | Found a staircase to the Elven Halls.
 15798 | Orc:2    | Found Roedocog's Antique Armour Shop.
 15985 | Orc:2    | Found Haet's Assorted Antiques.
 16054 | Orc:2    | Reached skill level 9 in Fighting
 16241 | Orc:2    | Bought a sparkling silver ring for 165 gold pieces
 16241 | Orc:2    | Bought a bubbling pink potion for 29 gold pieces
 16242 | Orc:2    | Identified the cursed ring "Fialonot" {-Tele rPois rF+ EV-6 Str+7} (You bought it in a shop on level 2 of the Orcish Mines)
 16370 | Orc:2    | Found Varch's General Store.
 16414 | Orc:2    | Received a gift from Okawaru
 16431 | Orc:2    | Reached skill level 1 in Necromancy
 16497 | Orc:2    | Reached skill level 1 in Spellcasting
 16527 | Orc:2    | Found Ymeidum's Distillery.
 16564 | Orc:2    | Reached skill level 1 in Charms
 16697 | Orc:2    | Noticed Erolcha
 16712 | Orc:2    | Found Liremok's General Store.
 17105 | Orc:2    | Bought 2 potions of lignification for 66 gold pieces
 17258 | Orc:2    | Found Saol's Gadget Boutique.
 17391 | Orc:2    | Killed Erolcha
 18093 | Orc:2    | Received a gift from Okawaru
 18094 | Orc:2    | Found the +7 Kryia's mail coat {PotionHeal*2 rC+}
 18109 | Orc:2    | Found Losoxon's Book Boutique.
 18109 | Orc:2    | Found a one-way gate leading to the halls of Pandemonium.
 18109 | Orc:2    | Found Duogg's Antique Weapon Shop.
 18121 | Orc:2    | Reached skill level 15 in Shields
 18385 | Lair:1   | Entered Level 1 of the Lair of Beasts
 18639 | Lair:1   | Reached XP level 15. HP: 115/115 MP: 20/20
 18702 | Lair:1   | Found a dark tunnel.
 18709 | Volcano  | Entered a volcano
 19008 | Volcano  | Found a burning altar of Makhleb.
 20260 | Lair:2   | Received a gift from Okawaru
 20260 | Lair:2   | Reached skill level 10 in Fighting
 20319 | Lair:2   | Reached skill level 5 in Charms
 20719 | Lair:2   | Found a hole to the Spider Nest.
 21245 | Lair:3   | Reached skill level 5 in Necromancy
 21267 | Lair:3   | Received a gift from Okawaru
 21787 | Lair:3   | Found a staircase to the Swamp.
 22237 | Lair:3   | Got a transparent ivory ring
 22239 | Lair:3   | Identified the ring of Light {EV+5 Dex+2} (You found it on level 3 of the Lair of Beasts)
 22600 | Lair:4   | Reached skill level 10 in Armour
 22662 | Lair:3   | Reached skill level 5 in Spellcasting
 22664 | Lair:3   | Upgraded the game from 0.22-a0-469-gf26638a to 0.22-a0-479-gc6e99f3
 23148 | Lair:4   | Reached skill level 11 in Fighting
 23706 | Lair:5   | Found a staircase to the Slime Pits.
 24298 | Lair:6   | Entered Level 6 of the Lair of Beasts
 24432 | Lair:6   | Reached XP level 16. HP: 101/125 MP: 24/24
 24561 | Lair:6   | Received a gift from Okawaru
 25088 | Lair:6   | Reached skill level 1 in Invocations
 25267 | Lair:6   | Found a runed door.
 25651 | Lair:6   | Received a gift from Okawaru
 26260 | D:13     | Found a gate to the Vaults.
 26290 | D:13     | Found a snail-covered altar of Cheibriados.
 26813 | D:14     | Noticed Josephine
 26824 | D:14     | Killed Josephine
 27095 | D:14     | Found a portal to a secret trove of treasure.
 27138 | D:14     | Reached skill level 12 in Fighting
 27608 | D:14     | Got a pair of smoking gloves
 27619 | D:14     | Identified the +1 pair of gloves of Autumn {rElec MR+++ Slay-5 SInv} (You found it on level 14 of the Dungeon)
 27730 | D:14     | Identified a scroll of acquirement
 27803 | D:15     | Entered Level 15 of the Dungeon
 27854 | D:15     | Reached skill level 5 in Invocations
 27877 | D:15     | Received a gift from Okawaru
 27877 | D:15     | Reached skill level 10 in Dodging
 27942 | D:15     | Gained mutation: You passively map a small area around you. [potion of mutation]
 27942 | D:15     | Gained mutation: You have sharp toenails. [potion of mutation]
 27942 | D:15     | Gained mutation: You are agile. (Dex +2) [potion of mutation]
 27981 | D:15     | Reached XP level 17. HP: 135/135 MP: 25/25
 28191 | D:15     | Found a staircase to the Depths.
 28203 | D:15     | Reached skill level 13 in Fighting
 28819 | Depths:1 | Entered Level 1 of the Depths
 28828 | Depths:1 | Noticed Bai Suzhen
 28836 | Depths:1 | Noticed a tengu reaver
 28867 | Depths:1 | Killed Bai Suzhen
 28881 | Depths:1 | Killed a tengu reaver
 28912 | Depths:1 | Received a gift from Okawaru
 29418 | Depths:1 | Noticed a lich
 29433 | Depths:1 | Killed a lich
 29663 | Swamp:1  | Entered Level 1 of the Swamp
 29969 | Swamp:1  | Identified the +1 scale mail of Dramatic Exits {rF+ rCorr Stlth-} (You found it on level 1 of the Swamp)
 30143 | Swamp:1  | Noticed a thorn hunter
 30155 | Swamp:1  | Killed a thorn hunter
 30155 | Swamp:1  | Reached skill level 14 in Fighting
 30328 | Swamp:1  | Received a gift from Okawaru
 30328 | Swamp:1  | Reached XP level 18. HP: 146/146 MP: 28/28
 30506 | Swamp:1  | Identified the +6 chain mail "Jagguh" {rPois Int+3 Dex+3} (You found it on level 1 of the Swamp)
 31326 | Swamp:2  | You fall through a shaft!
 32910 | Swamp:4  | Entered Level 4 of the Swamp
 33298 | Swamp:4  | Received a gift from Okawaru
 34020 | Swamp:4  | Reached skill level 15 in Fighting
 34066 | Swamp:4  | Noticed the 27-headed Lernaean hydra
 34094 | Swamp:4  | Killed the 27-headed Lernaean hydra
 34289 | Swamp:4  | Got a decaying rune of Zot
 34328 | Swamp:4  | Reached XP level 19. HP: 147/155 MP: 30/30
 34775 | Spider:1 | Entered Level 1 of the Spider Nest
 35560 | Spider:1 | Received a gift from Okawaru
 36167 | Spider:2 | Noticed Donald
 36184 | Spider:2 | Killed Donald
 36272 | Spider:2 | Noticed Arachne
 36349 | Spider:2 | Reached skill level 1 in Unarmed Combat
 36349 | Spider:2 | Reached skill level 10 in Invocations
 36349 | Spider:2 | Reached XP level 20. HP: 164/164 MP: 30/32
 36411 | Spider:2 | Killed Arachne
 36411 | Spider:2 | Reached skill level 15 in Armour
 36583 | Spider:2 | Reached skill level 16 in Fighting
 37395 | Spider:3 | Noticed Jorgrun
 37410 | Spider:3 | You fall through a shaft!
 37410 | Spider:4 | Entered Level 4 of the Spider Nest
 37870 | Spider:3 | Killed Jorgrun
 37870 | Spider:3 | Reached XP level 21. HP: 50/172 MP: 33/33
 38262 | Spider:3 | Received a gift from Okawaru
 39270 | Spider:4 | Noticed Agnes
 39279 | Spider:4 | Killed Agnes
 39459 | Spider:4 | Identified the cursed +0 buckler "Coek" {rPois rF+ Int+3 Stlth-} (You found it on level 4 of the Spider Nest)
 39487 | Spider:4 | Received a gift from Okawaru
 39496 | Spider:4 | Identified the +7 chain mail of the Kangaroo {-Cast rPois rN+ Slay+3} (Okawaru gifted it to you on level 4 of the Spider Nest)
 40300 | Spider:4 | Reached skill level 17 in Fighting
 40646 | Spider:4 | Got a gossamer rune of Zot
 40912 | Swamp:4  | Got a fine shield {god gift}
 40923 | Swamp:4  | Identified the +0 shield of Qikeig {-Cast Str+5} (Okawaru gifted it to you on level 4 of the Swamp)
 41192 | Vaults:1 | Entered Level 1 of the Vaults
 41569 | Vaults:1 | Received a gift from Okawaru
 42062 | Vaults:1 | Received a gift from Okawaru
 43496 | Vaults:2 | Found Qebbonor's Gadget Boutique.
 43508 | Vaults:2 | Reached XP level 22. HP: 166/182 MP: 34/34
 43518 | Vaults:2 | Noticed Jory
 43556 | Vaults:2 | Killed Jory
 43910 | Vaults:2 | Reached skill level 18 in Fighting
 44019 | Vaults:2 | Received a gift from Okawaru
 44193 | Vaults:2 | Got a crude lapis lazuli ring
 44711 | Vaults:2 | Found a staircase to the Crypt.
 44846 | Vaults:3 | Noticed Margery
 45362 | Vaults:3 | Reached skill level 5 in Evocations
 46088 | Vaults:3 | Received a gift from Okawaru
 46696 | Vaults:4 | Found Joej's Antique Armour Boutique.
 46696 | Vaults:4 | Found Nitamup's General Store.
 46696 | Vaults:4 | Found a sparkling altar of Nemelex Xobeh.
 46696 | Vaults:4 | Found Ciha's Gadget Emporium.
 46822 | Vaults:4 | Found Boreres's Weapon Shop.
 46890 | Vaults:4 | Reached skill level 19 in Fighting
 46890 | Vaults:4 | Reached XP level 23. HP: 111/194 MP: 33/35
 48739 | Vaults:5 | Entered Level 5 of the Vaults
 48754 | Vaults:4 | Received a gift from Okawaru
 48922 | Vaults:4 | Identified the ring "Hiugic" {*Tele Str+5} (You took it off an ironbrand convoker on level 2 of the Vaults)
 48924 | Vaults:4 | Identified the +1 pair of gloves of the Battered Souls {SInv} (Okawaru gifted it to you on level 4 of the Vaults)
 49154 | Vaults:4 | Upgraded the game from 0.22-a0-479-gc6e99f3 to 0.22-a0-480-g991dd4b
 49389 | Depths:1 | Found a one-way gate to the infinite horrors of the Abyss.
 49728 | Depths:1 | Noticed Asterion
 49758 | Depths:1 | Killed Asterion
 50093 | Depths:1 | Noticed the Enchantress
 50117 | Depths:1 | You fall through a shaft!
 50389 | Depths:2 | Received a gift from Okawaru
 50576 | Depths:2 | Received a gift from Okawaru
 51019 | Depths:1 | Reached skill level 20 in Fighting
 51064 | Depths:1 | Found a gateway to Hell.
 51143 | Depths:1 | Killed the Enchantress
 51158 | Depths:1 | Reached XP level 24. HP: 203/204 MP: 35/35
 51244 | Depths:1 | Identified the +1 faerie dragon scales {rN+ rCorr} (You took it off the Enchantress on level 1 of the Depths)
 51280 | Depths:1 | Found a runed door.
 51312 | Depths:1 | Received a gift from Okawaru
 51322 | Depths:1 | Identified the +3 plate armour of Okawaru's Esteem {rElec rF- MR+ SInv} (Okawaru gifted it to you on level 1 of the Depths)
 51602 | Depths:1 | Found a radiant altar of Vehumet.
 51602 | Depths:1 | Noticed an ancient lich
 51634 | Depths:1 | Killed an ancient lich
 51665 | Depths:1 | Identified the Reference Book on Confrontation
 51852 | Depths:2 | Found Bofaarru's Jewellery Shop.
 51852 | Depths:2 | Found Lasomuri's Gadget Emporium.
 51853 | Depths:2 | Found Pefarul's Jewellery Shop.
 52728 | Depths:2 | Noticed a golden dragon
 52731 | Depths:2 | Noticed a golden dragon
 52753 | Depths:2 | Killed a golden dragon
 52753 | Depths:2 | Received a gift from Okawaru
 52846 | Depths:2 | Found a gateway to a ziggurat.
 53062 | Depths:2 | Noticed a juggernaut
 53076 | Depths:1 | Reached skill level 21 in Fighting
 53350 | Depths:2 | Killed a juggernaut
 53808 | Depths:3 | Noticed Louise
 53860 | Depths:3 | Killed Louise
 53971 | Depths:3 | Received a gift from Okawaru
 54184 | Depths:3 | Noticed Boris
 54231 | Depths:3 | Killed Boris
 54231 | Depths:3 | Reached XP level 25. HP: 207/214 MP: 30/36
 54555 | Depths:4 | Reached skill level 10 in Evocations
 54874 | Depths:2 | Received a gift from Okawaru
 54919 | Depths:3 | Noticed Saint Roka
 54944 | Depths:3 | Killed Saint Roka
 55321 | Depths:3 | Reached skill level 15 in Invocations
 55489 | Depths:2 | Bought a lamp of fire for 880 gold pieces
 56873 | Depths:3 | Reached skill level 22 in Fighting
 57061 | Depths:3 | Received a gift from Okawaru
 57568 | Depths:4 | Received a gift from Okawaru
 57588 | Depths:4 | Got a faintly glowing crystal plate armour {god gift}
 57615 | Depths:3 | Identified the +1 crystal plate armour "Zefoak Meki" {rF+ rC+ MP+9} (Okawaru gifted it to you on level 4 of the Depths)
 58901 | Depths:5 | Entered Level 5 of the Depths
 59007 | Depths:5 | Reached XP level 26. HP: 224/226 MP: 36/36
 59327 | Depths:5 | Reached skill level 5 in Bows
 59568 | Depths:5 | Received a gift from Okawaru
 59897 | Depths:5 | Received a gift from Okawaru
 60054 | Depths:5 | Received a gift from Okawaru
 60725 | Depths:5 | Received a gift from Okawaru
 60901 | Depths:5 | Found a gate to the Realm of Zot.
 60981 | Depths:5 | Received a gift from Okawaru
 60984 | Depths:5 | Identified the -4 pair of gloves of Inevitability {*Drain rF+ rC++} (Okawaru gifted it to you on level 5 of the Depths)
 61201 | Depths:5 | Found a runed door.
 62278 | Vaults:5 | Reached XP level 27. HP: 190/232 MP: 36/36
 62454 | Vaults:5 | Noticed an ancient lich
 62471 | Vaults:5 | Killed an ancient lich
 62471 | Vaults:5 | Reached skill level 23 in Fighting
 63189 | Vaults:5 | Received a gift from Okawaru
 63707 | Vaults:5 | Got a silver rune of Zot
 63788 | Vaults:5 | Lost mutation: You are agile. (Dex +2) [potion of mutation]
 63788 | Vaults:5 | Lost mutation: You passively map a small area around you. [potion of mutation]
 63788 | Vaults:5 | Gained mutation: Your flesh is heat resistant. (rF+) [potion of mutation]
 63788 | Vaults:5 | Gained mutation: Your muscles are strong. (Str +2) [potion of mutation]
 64027 | Vaults:4 | Reached skill level 15 in Staves
 64242 | Vaults:5 | Received a gift from Okawaru
 64541 | Vaults:5 | Identified the +0 battleaxe "Osoluh" {flame, +Inv Str-3 Dex+4} (You found it on level 5 of the Vaults)
 65139 | Vaults:5 | Noticed Mennas
 65169 | Vaults:5 | Killed Mennas
 65214 | Vaults:5 | Found Vexoip's Jewellery Shop.
 65221 | Vaults:5 | Found Fakyxohe's Jewellery Shoppe.
 65222 | Vaults:5 | Noticed an ancient lich
 65224 | Vaults:5 | Noticed an ancient lich
 65247 | Vaults:5 | Killed an ancient lich
 65270 | Vaults:5 | Killed an ancient lich
 65270 | Vaults:5 | Received a gift from Okawaru
 65463 | Vaults:5 | Found Ceadoluo's Book Shop.
 65705 | Vaults:5 | Found Renkest's Book Shoppe.
 65720 | Vaults:5 | Bought a book of Spatial Translocations for 1040 gold pieces
 65725 | Vaults:5 | Learned a level 4 spell: Passage of Golubria
 66208 | Elf:1    | Entered Level 1 of the Elven Halls
 66246 | Elf:1    | Cast into level 2 of the Abyss (glaive of distortion)
 66333 | Abyss:2  | Identified the cursed +2 dagger of Ashenzari's Regard {pierce, Str+4 Dex+3 Stlth+} (You found it on level 2 of the Abyss)
 66374 | Abyss:2  | Reached skill level 1 in Translocations
 66461 | Abyss:3  | Found a deep blue altar of Sif Muna.
 66590 | Abyss:3  | Found a deep blue altar of Sif Muna.
 66684 | Abyss:3  | Found a deep blue altar of Sif Muna.
 66693 | Abyss:3  | Found a deep blue altar of Sif Muna.
 66885 | Abyss:3  | Received a gift from Okawaru
 67015 | Abyss:3  | Identified a +2 pair of boots of running (Okawaru gifted it to you on level 3 of the Abyss)
 67288 | Abyss:3  | Reached skill level 10 in Charms
 67311 | Abyss:3  | Gained mutation: You are frail. (-10% HP) [a neqoxec]
 67312 | Abyss:3  | Gained mutation: You occasionally shout uncontrollably at your foes. [a neqoxec]
 67435 | Abyss:3  | Reached skill level 10 in Spellcasting
 67689 | Abyss:3  | Got an abyssal rune of Zot
 67728 | Abyss:3  | Received a gift from Okawaru
 67764 | Abyss:3  | Gained mutation: You sometimes yell uncontrollably at your foes. [a shining eye]
 67906 | Abyss:3  | Reached skill level 5 in Translocations
 67910 | Abyss:3  | Reached skill level 10 in Necromancy
 68000 | Abyss:3  | HP: 10/213 [raiju/living lightning (10)]
 68007 | Abyss:3  | Killed from afar by a raiju

Vault maps used:
D:1:      minmay_arrival_four_houses, amethyst_killhole
D:2:      uniq_natasha, uniq_crazy_yiuf_cottage
D:3:      cheibrodos_ashenzari_chains, uniq_robin
D:4:      serial_undead, serial_undead_f, serial_undead_f, serial_undead_d,
          serial_undead_a, grunt_ministairs_1
D:5:      first_ration
D:6:      wad_river_or_something, uniq_pikel
D:7:      minmay_temple_entry_purple_smoke, uniq_joseph
D:8:      grunt_pizzeria, lightli_minifort
D:9:      grunt_qazlal_sundering, serial_shops, nicolae_shop_crystal, shop,
          nicolae_shop_crystal, kennysheep_little_box, trog_three_pillars_becter
D:10:     grunt_lair_entry_orc_guard_hut, hiddenorc1_lemuel, serial_shops,
          nicolae_shop_window_shopping, nicolae_shop_crystal, shop, shop, shop,
          minmay_misc_feat_ornament
D:11:     uniq_snorg
D:12:     serial_park_tiny_2, evilmike_minifort, uniq_sonja, uniq_urug
D:13:     lightli_vaults_fourway_checkpoint, basic_altar
D:14:     minmay_misc_feat_hallway, enter_trove_1, uniq_josephine
D:15:     gammafunk_enter_depths_forms, dk_noncrumbling_2
Temple:   nicolae_temple_the_god_donut
Lair:1:   beast_lair_carwin_large_4, nicolae_volcano_entry_s_turn,
          minmay_hedge_maze, lemuel_fruit_fields
Lair:2:   spider_nest_entry_rubble
Lair:3:   dragon1_lemuel, minmay_swamp_entry_swarm, minmay_lair_oklob_chamber
Lair:4:   lemuel_old_faithful
Lair:5:   minmay_slime_entry_pillars
Lair:6:   guppyfry_lair_end_dragon, wormcave, serial_bayou_lake_a
Swamp:1:  nicolae_swamp_trees_clearing
Swamp:2:  hangedman_swamp_lotus, infiniplex_staircase_pool
Swamp:3:  nicolae_swamp_rocky_clearing
Swamp:4:  grunt_swamp_rune_castle, swamp_pool1
Spider:1: nicolae_spider_ant_collections
Spider:2: lemuel_hornet_nest, uniq_arachne, uniq_donald
Spider:3: uniq_jorgrun
Spider:4: grunt_spider_rune_circles, uniq_agnes
Orc:1:    david_defended_altar_orc
Orc:2:    pf_orc_diabolical, serial_shops, nicolae_shop_statue_plus, shop, shop,
          shop, uniq_erolcha, uniq_nessos
Elf:1:    serial_shops, nicolae_shop_overgrown_old_shop, orc_legates,
          evilmike_ambush, minmay_shoptagon
Vaults:1: nicolae_vaults_c_with_doors, vaults_room_pool, v_rooms_5,
          vaults_mumra_lcd, v_misc_25, nicolae_vaults_triangles, v_pattern_2,
          v_misc_11, nicolae_vaults_alarming, vaults_dpeg_doors,
          nicolae_vaults_big_ls
Vaults:2: minmay_crypt_entry_simple_box, v_misc_22,
          nicolae_vaults_ninety_degrees, hangedman_vaults_nodes, v_misc_5,
          vaults_room_hallway, vaults_room_pools, grunt_vaults_focal,
          nicolae_vaults_little_squares_5, nicolae_vaults_border_crossing,
          dpeg_vaults_monster_box, vaults_room_fours, serial_shops, shop,
          uniq_jory
Vaults:3: stair_cage_open, vaults_standard_mumra_x,
          nicolae_vaults_specimen_jars, ontoclasm_vaults_chip, v_misc_10,
          ontoclasm_vaults_gateway, hangedman_vaults_restitches, uniq_margery
Vaults:4: v_misc_23, grunt_vaults_funnel, st_eye, basic_altar, serial_shops,
          shop, shop, shop_fountains, shop
Vaults:5: uniq_mennas
Depths:1: abyss_entry, serial_bayou_shore_a, hell_entry,
          grunt_absolute_annihilation, grunt_megastairs_4, uniq_asterion,
          uniq_bai_suzhen, uniq_enchantress
Depths:2: minmay_triangles_in_corner, enter_ziggurat_b, hellmouth_1,
          minmay_misc_feat_columns, minmay_shop_grove, serial_bayou_shore_b,
          infiniplex_staircase_pool_1
Depths:3: lemuel_troll_bridge, hangedman_abyss_or_decor_stagger, pan_entry,
          hell_entry, nicolae_abyss_entry_one_way_or_another,
          hangedman_decor_slide_cut, uniq_boris, uniq_saint_roka
Depths:4: kennysheep_ogre_elephant_herders, abyss_entry_small_statue_room,
          pf_coc_iceberg, hex_medium
Depths:5: evilmike_zot_entry_diamond, serial_shops, bzr_in_the_mist, pan_entry,
          nrook_mini_vaults, hell_entry, grunt_ministairs_11,
          hangedman_aerie_drop
Abyss:3:  evilmike_abyss_rune_siren_acolytes
Volcano:  volcano_lake

Skill      XL: |  1  2  3  4  5  6  7  8  9 10 11 12 13 14 15 16 17 18 19 20 21 22 23 24 25 26 27 |
---------------+----------------------------------------------------------------------------------+-----
Shields        | 4 5 6 7 8 10 12 14 15 16 20 | 20.5
Staves         | 3 4 6 7 9 10 11 12 13 14 16 | 16.0
Armour         | 4 5 6 7 8 9 10 11 13 14 15 17 18 19 20 21 | 21.1
Fighting       | 4 5 6 7 8 9 11 12 14 15 16 17 19 20 21 22 23 | 23.8
Dodging        | 1 2 4 5 7 8 10 | 10.2
Stealth        | 2 3 4 |  4.2
Evocations     | 1 2 6 8 9 11 | 11.6
Bows           | 3 4 5 |  5.2
Throwing       | 1 2 |  2.2
Necromancy     | 3 5 6 7 8 9 10 | 10.0
Spellcasting   | 3 5 7 8 9 10 | 10.1
Charms         | 4 6 7 8 9 10 | 10.1
Invocations    | 5 7 9 10 11 12 13 14 15 16 | 16.5
Unarmed Combat | 1 |  1.1
Translocations | 5 |  5.1

Action                   |  1- 3 |  4- 6 |  7- 9 | 10-12 | 13-15 | 16-18 | 19-21 | 22-24 | 25-27 || total
-------------------------+-------+-------+-------+-------+-------+-------+-------+-------+-------++-------
Melee: Quarterstaff      |    70 |   151 |   265 |   712 |  1622 |   802 |  1749 |  2292 |  1969 ||  9632
       Lajatang          |       |       |       |       |       |   836 |       |       |   916 ||  1752
       Kick              |       |       |       |       |       |   534 |   961 |  1350 |  1375 ||  4220
 Fire: Shortbow          |       |       |     4 |       |    89 |       |       |       |       ||    93
       Longbow           |       |       |       |       |     6 |       |       |       |   130 ||   136
Throw: Tomahawk          |       |       |       |     3 |     2 |       |       |       |       ||     5
       Javelin           |       |       |       |       |     9 |     5 |     2 |     4 |     9 ||    29
 Cast: Regeneration      |       |       |       |       |       |    24 |     8 |    23 |    76 ||   131
Invok: Heroism           |       |       |       |     1 |     8 |     3 |     4 |    14 |    14 ||    44
       Finesse           |       |       |       |       |       |     1 |     1 |     6 |     9 ||    17
 Abil: Dig               |     1 |     1 |     2 |    11 |    23 |    13 |    26 |    21 |    23 ||   121
       Shaft Self        |       |       |       |       |       |     1 |     1 |     1 |       ||     3
       Evoke Invisibilit |       |       |       |       |       |       |       |     1 |       ||     1
Evoke: Wand              |       |       |       |    11 |       |       |     4 |     1 |     7 ||    23
       Sack of spiders   |       |       |       |       |       |     1 |     1 |       |       ||     2
       Lightning rod     |       |       |       |       |       |       |       |     2 |     3 ||     5
       Lamp of fire      |       |       |       |       |       |       |       |       |     3 ||     3
  Use: Scroll            |     6 |     2 |     5 |    10 |     8 |     9 |     7 |     9 |     7 ||    63
       Potion            |     2 |       |     1 |       |     2 |     4 |     2 |     4 |    16 ||    31
 Stab: Paralysed         |       |       |     3 |     5 |    13 |     7 |       |       |       ||    28
       Petrifying        |       |       |     3 |     2 |     8 |     6 |       |       |       ||    19
       Confused          |       |       |       |     2 |     5 |     5 |       |       |       ||    12
       Petrified         |       |       |       |     2 |     2 |     5 |       |       |       ||     9
       Distracted        |       |       |       |       |     2 |     4 |       |       |       ||     6
       Sleeping          |       |       |       |       |     3 |       |       |       |       ||     3
       Invisible         |       |       |       |       |       |       |       |     2 |       ||     2
  Eat: Chunk             |     1 |     6 |     7 |    26 |    37 |    27 |    27 |    35 |    47 ||   213
       Ration            |       |       |     1 |       |     1 |     4 |     2 |     2 |     3 ||    13
Armor: Scale mail        |    27 |    20 |       |       |   199 |    27 |       |       |       ||   273
       Ice dragon scales |       |    25 |    37 |    77 |       |       |       |       |       ||   139
       Chain mail        |       |       |    56 |    60 |       |       |       |       |       ||   116
       Crystal plate arm |       |       |       |       |       |   367 |   533 |   356 |   714 ||  1970
Dodge: Dodged            |    18 |    42 |    86 |   123 |   295 |   363 |   429 |   263 |   490 ||  2109
Block: Shield            |    28 |    56 |   120 |    69 |       |       |       |       |       ||   273
       Large shield      |       |       |       |   354 |  1226 |  1183 |  1659 |  1427 |  2750 ||  8599

Table legend:
 A = Spawn XP
 B = Non-spawn XP
 C = Spawn XP percentage of total XP
 D = Spawn monster count
 E = Non-spawn monster count
 F = Spawn count percentage of total count
 G = Total turns spent on level
                    A         B        C        D         E        F      G
               +---------+---------+-------+---------+---------+-------+---------
         Total |   83966 | 1182455 |   6.6 |     167 |    2222 |   7.0 | 68007
               +---------+---------+-------+---------+---------+-------+---------
           D:1 |       0 |      38 |   0.0 |       0 |      23 |   0.0 |   952
           D:2 |       0 |     158 |   0.0 |       0 |      11 |   0.0 |   913
           D:3 |       0 |     208 |   0.0 |       0 |      42 |   0.0 |  1221
           D:4 |       0 |     598 |   0.0 |       0 |      25 |   0.0 |   786
           D:5 |       0 |     475 |   0.0 |       0 |      16 |   0.0 |  1144
           D:6 |       0 |    2478 |   0.0 |       0 |      38 |   0.0 |  1420
           D:7 |       0 |     683 |   0.0 |       0 |      13 |   0.0 |   698
           D:8 |       0 |    2008 |   0.0 |       0 |      25 |   0.0 |  1264
           D:9 |       0 |     867 |   0.0 |       0 |      17 |   0.0 |   890
          D:10 |       0 |    2076 |   0.0 |       0 |      43 |   0.0 |  1932
          D:11 |       0 |   10787 |   0.0 |       0 |      53 |   0.0 |  1709
          D:12 |       0 |   10675 |   0.0 |       0 |      48 |   0.0 |  1854
          D:13 |       0 |   13750 |   0.0 |       0 |      44 |   0.0 |  1219
          D:14 |       0 |   11473 |   0.0 |       0 |      28 |   0.0 |  1142
          D:15 |       0 |   24434 |   0.0 |       0 |      47 |   0.0 |  1203
        Lair:1 |       0 |    8980 |   0.0 |       0 |      43 |   0.0 |  1182
        Lair:2 |       0 |    7348 |   0.0 |       0 |      28 |   0.0 |  1122
        Lair:3 |       0 |    8233 |   0.0 |       0 |      26 |   0.0 |  1557
        Lair:4 |       0 |    7723 |   0.0 |       0 |      41 |   0.0 |   896
        Lair:5 |       0 |    3727 |   0.0 |       0 |      22 |   0.0 |   814
        Lair:6 |       0 |   20100 |   0.0 |       0 |      65 |   0.0 |  1649
       Swamp:1 |       0 |   15476 |   0.0 |       0 |      42 |   0.0 |  1261
       Swamp:2 |       0 |   15364 |   0.0 |       0 |      36 |   0.0 |  1034
       Swamp:3 |       0 |   13884 |   0.0 |       0 |      36 |   0.0 |  1355
       Swamp:4 |       0 |   30653 |   0.0 |       0 |      52 |   0.0 |  1618
      Spider:1 |       0 |   22727 |   0.0 |       0 |      66 |   0.0 |  1387
      Spider:2 |       0 |   18986 |   0.0 |       0 |      44 |   0.0 |   620
      Spider:3 |       0 |   27172 |   0.0 |       0 |      65 |   0.0 |  1939
      Spider:4 |       0 |   39531 |   0.0 |       0 |      72 |   0.0 |  2018
         Orc:1 |       0 |    2144 |   0.0 |       0 |      25 |   0.0 |   569
         Orc:2 |       0 |   26115 |   0.0 |       0 |     113 |   0.0 |  2663
         Elf:1 |       0 |    2542 |   0.0 |       0 |       9 |   0.0 |    22
      Vaults:1 |       0 |   42937 |   0.0 |       0 |      73 |   0.0 |  2247
      Vaults:2 |       0 |   51470 |   0.0 |       0 |      66 |   0.0 |  2017
      Vaults:3 |       0 |   38164 |   0.0 |       0 |      57 |   0.0 |  2749
      Vaults:4 |       0 |   65564 |   0.0 |       0 |      85 |   0.0 |  1521
      Vaults:5 |       0 |  165627 |   0.0 |       0 |      96 |   0.0 |  3396
      Depths:1 |       0 |   95643 |   0.0 |       0 |      92 |   0.0 |  2774
      Depths:2 |       0 |   96455 |   0.0 |       0 |      99 |   0.0 |  3217
      Depths:3 |       0 |   84701 |   0.0 |       0 |     107 |   0.0 |  2971
      Depths:4 |       0 |   40588 |   0.0 |       0 |      52 |   0.0 |  1463
      Depths:5 |       0 |  100583 |   0.0 |       0 |     106 |   0.0 |  2888
       Abyss:2 |    7115 |    1456 |  83.0 |      11 |       2 |  84.6 |   210
       Abyss:3 |   76851 |   43523 |  63.8 |     156 |     112 |  58.2 |  1551
       Volcano |       0 |    4331 |   0.0 |       0 |      17 |   0.0 |   671
               +---------+---------+-------+---------+---------+-------+---------
